cohdb
Replays
Latest Replays
All Replays
Popular Replays
Top Player Replays
Match Explorer
How It Works
Community
CoH3 Stats
Reddit
Sign in to upload your games and track your stats! →
Sign in with Steam
Match 45700198
Unlisted
Match 45700198
Overview
Messages
Build Orders
End
Kradschützen Motorcycle Team
Panzergrenadier Squad
250 Light Carrier
Construct Light Support Kompanie
MG34 Team
Fire Support Elements
Assault Grenadier Squad
Flakvierling Half-track
Veteran Squad Leaders
Selects Italian Infantry
Selects Guastatori Squad
Guastatori Squad
2.5-tonne Medical Truck
~TAB~ THUND3RCHUNKY
Adeptus Mechanicus
Einherjer
Papa Smurf
0
0
Comments
sign in to comment!
No comments posted yet!